 Dungeon Crawl Stone Soup version 0.23-a0-147-g7935be9 (webtiles) character file.

298 EmmaLouise the Chopper (level 6, -1/48 HPs)
             Began as a Demonspawn Fighter on Sept 7, 2018.
             Slain by an ogre
             ... wielding a +0 giant club
              (3 damage)
             ... on level 4 of the Dungeon.
             The game lasted 00:03:05 (2470 turns).

EmmaLouise the Chopper (Demonspawn Fighter)         Turns: 2470, Time: 00:03:06

Health: -1/48      AC: 22    Str: 17    XL:     6   Next: 13%
Magic:  6/6        EV:  0    Int: 10    God:
Gold:   204        SH: 10    Dex: 20    Spells: 5/5 levels left

rFire    . . .     SeeInvis .   a - +0 war axe
rCold    . . .     Gourm    .   c - +0 shield
rNeg     . . .     Faith    .   m - +1 crystal plate armour
rPois    .         Spirit   .   w - +1 helmet
rElec    .         Reflect  .   (no cloak)
rCorr    .         Harm     .   (no gloves)
MR       .....                  (no boots)
Stlth    ..........             (no amulet)
HPRegen  0.16/turn              k - +4 ring of dexterity
MPRegen  0.10/turn              h - +3 ring of dexterity

@: no status effects
A: claws 1, yellow scales 2, nightstalker 1
a: no special abilities


You were on level 4 of the Dungeon.
You were not hungry.

You visited 1 branch of the dungeon, and saw 4 of its levels.

You collected 204 gold pieces.

Inventory:

Hand Weapons
 a - a +0 war axe (weapon)
Missiles
 u - a throwing net (quivered)
Armour
 b - a +0 scale mail
 c - a +0 shield (worn)
 m - a +1 crystal plate armour (worn)
 n - a +1 scale mail of fire resistance
 w - a +1 helmet (worn)
Jewellery
 h - a +3 ring of dexterity (right claw)
 k - a +4 ring of dexterity (left claw)
 o - an uncursed ring of ice
 p - an uncursed ring of protection from magic {unknown}
Scrolls
 i - 6 scrolls of identify {unknown}
 j - a scroll of immolation {unknown}
 q - a scroll of enchant weapon {unknown}
 r - a scroll of amnesia {unknown}
 s - a scroll of remove curse
Potions
 d - 3 potions of might
 e - 2 potions of curing {unknown}
 g - a potion of flight {unknown}
 l - 4 potions of degeneration {unknown}
 t - a potion of brilliance {unknown}
Comestibles
 f - 7 rations
 v - 5 chunks of flesh


   Skills:
 * Level 3.7 Fighting
 * Level 3.8 Axes
 * Level 3.6 Armour
 * Level 1.0 Dodging
 * Level 3.7 Shields


You had 5 spell levels left.
You didn't know any spells.
Your spell library was empty.

Dungeon Overview and Level Annotations

Branches:
Dungeon (4/15)
 Temple: D:4-7

Altars:


Innate Abilities, Weirdness & Mutations

You have sharp fingernails.
You are mostly covered in yellow scales. (AC +3)
You are slightly more attuned to the shadows.


Message History

The ogre is moderately wounded.
You block the ogre's attack.
Your crystal plate armour prevents you from hitting the ogre.
The ogre is moderately wounded.
The ogre hits you with a giant club!
* * * LOW HITPOINT WARNING * * *
Your crystal plate armour prevents you from hitting the ogre.
The ogre is moderately wounded.
You block the ogre's attack.
You slash the ogre!
The ogre is severely wounded.
The ogre hits you with a giant club!
* * * LOW HITPOINT WARNING * * *
You barely miss the ogre.
The ogre is severely wounded.
You block the ogre's attack.
Your shield and crystal plate armour prevent you from hitting the ogre.
The ogre is severely wounded.
The ogre hits you with a giant club.
You die...

... ##..# ....#
########...# #
##..........#
####.##..8(..8....#
.....#....).))....#
#..#⌠.....).....#
#..#......[@....#
#..##..8...8O...#
#. ##..........# #.
########...# #
...... #.### .#


You could see an ogre.

Vanquished Creatures
  A hound (D:4)
  An orc priest (D:4)
  An orc wizard (D:4)
  Terence (D:2)
  7 adders
  A shadow imp (D:2)
  An ooze (D:1)
  3 worms
  5 dart slugs
  3 leopard geckos
  8 orcs
  A ball python (D:2)
  9 bats
  5 giant cockroaches
  6 hobgoblins
  7 jackals
  3 kobolds
  2 quokkas
  9 frilled lizards
  4 goblins
  12 rats
90 creatures vanquished.

Notes
Turn   | Place    | Note
-------+----------+-------------------------------------------
     0 | D:1      | EmmaLouise the Demonspawn Fighter began the quest for the
                  | Orb.
     0 | D:1      | Reached XP level 1. HP: 18/18 MP: 1/1
   221 | D:1      | Gained mutation: You are slightly more attuned to the
                  | shadows. [demonic ancestry]
   221 | D:1      | Reached XP level 2. HP: 20/24 MP: 2/2
   640 | D:1      | Gained mutation: You are partially covered in yellow
                  | scales. (AC +2) [demonic ancestry]
   640 | D:1      | Reached XP level 3. HP: 29/29 MP: 3/3
   731 | D:2      | Noticed Terence
   749 | D:2      | Killed Terence
   923 | D:2      | Reached XP level 4. HP: 35/35 MP: 4/4
  1571 | D:3      | Gained mutation: You are mostly covered in yellow scales.
                  | (AC +3) [demonic ancestry]
  1571 | D:3      | Reached XP level 5. HP: 41/41 MP: 5/5
  2254 | D:4      | Reached skill level 1 in Dodging
  2254 | D:4      | Gained mutation: You have sharp fingernails. [demonic
                  | ancestry]
  2254 | D:4      | Reached XP level 6. HP: 8/48 MP: 6/6
  2468 | D:4      | HP: 1/48 [ogre/giant club (13)]
  2470 | D:4      | Slain by an ogre

Vault maps used:
D:1:      ncdulo_smallfort
D:2:      kennysheep_six_static_rooms, kennysheep_path_1, uniq_terence
D:3:      serial_bayou_ford_a
D:4:      cheibrodos_pilgrimage, overflow_temple_1_default,
          gammafunk_temple_overflow_wave, first_ration, kennysheep_small_circle

Skill      XL: |  1  2  3  4  5 |
---------------+----------------+-----
Axes           | 2 3 |  3.8
Shields        | 3 |  3.7
Armour         | 3 |  3.6
Dodging        | 1 |  1.0
Fighting       | |  3.7

Action                   |  1- 3 |  4- 6 || total
-------------------------+-------+-------++-------
Melee: War axe           |    88 |   264 ||   352
  Use: Scroll            |     2 |       ||     2
  Eat: Chunk             |       |     6 ||     6
Armor: Scale mail        |     7 |       ||     7
       Crystal plate arm |    57 |   236 ||   293
Dodge: Dodged            |    11 |     3 ||    14
Block: Shield            |    35 |   161 ||   196

Table legend:
 A = Non-vault XP
 B = Vault XP
 C = Vault XP percentage of total XP
 D = Non-vault monster count
 E = Vault monster count
 F = Vault count percentage of total count
                 A         B        C        D         E       F
            +---------+---------+-------+---------+---------+-------
      Total |     288 |     138 |  32.4 |      77 |      13 |  14.4
            +---------+---------+-------+---------+---------+-------
        D:1 |      41 |       0 |   0.0 |      21 |       0 |   0.0
        D:2 |     105 |      45 |  30.0 |      29 |       7 |  19.4
        D:3 |      88 |       0 |   0.0 |      23 |       0 |   0.0
        D:4 |      54 |      93 |  63.3 |       4 |       6 |  60.0
            +---------+---------+-------+---------+---------+-------
